[Event "*** SCC Grand Prix: Titled Tuesday Blitz"]
[Site "Chess.com"]
[Date "2020.08.04"]
[Round "4"]
[White "Filip_Covic"]
[Black "KatarinaOstojic"]
[Result "1-0"]
[WhiteElo "2358"]
[BlackElo "2200"]
[TimeControl "180+1"]
[EndTime "14:21:42 PDT"]
[Termination "Filip_Covic won by resignation"]

1. e4 c5 2. Nf3 d6 3. d4 cxd4 4. Nxd4 Nf6 5. Nc3 a6 6. a3 e5 7. Nf5 Bxf5 8. exf5 Be7 9. Bc4 O-O 10. g4 Qc7 11.
Ba2 Qc6 12. Rg1 Kh8 13. g5 Nfd7 14. Nd5 Bd8 15. g6 fxg6 16. fxg6 Bh4 17. Be3 Nf6 18. Nxf6 Rxf6 19. Qh5 Bxf2+ 20. Bxf2 h6 21. Qe2 Nd7 22. O-O-O Raf8 23. Bf7 Nb6 24. Bh4 Rf4 25. Bg5 Qf3 26.
Qxf3 Rxf3 27. Be7 Rc8 28. Rgf1 1-0

[Event "*** SCC Grand Prix: Titled Tuesday Blitz"]
[Site "Chess.com"]
[Date "2020.08.04"]
[Round "4"]
[White "VincentKeymer"]
[Black "Isajevsky_Anton"]
[Result "1-0"]
[WhiteElo "2874"]
[BlackElo "2582"]
[TimeControl "180+1"]
[EndTime "14:21:44 PDT"]
[Termination "VincentKeymer won by resignation"]

1. Nf3 c5 2. c4 g6 3. Nc3 Bg7 4. g3 Nc6 5. Bg2 e6 6. d4 cxd4 7. Nb5 d5 8. cxd5 Qa5+ 9. Nd2 Qxb5 10. dxc6 Ne7 11. a4 Qb4 12. b3 Nxc6 13. Ba3 Qa5 14. O-O Bf8 15. Nc4 Qd8 16. Qc1 Bxa3 17. Qxa3 Qe7 18. Qb2 e5 19. e3 O-O 20. Bxc6 bxc6 21.
exd4 exd4 22. Qxd4 Be6 23. Rfe1 Rfd8 24. Qc3 Rab8 25.
Rab1 Qc5 26. Qa5 Qd4 27. Ne5 Bd5 28. Rbd1 Qb6 29. Qc3 Qb4 30. Qxb4 Rxb4 31. Nxc6 1-0

[Event "*** SCC Grand Prix: Titled Tuesday Blitz"]
[Site "Chess.com"]
[Date "2020.08.04"]
[Round "4"]
[White "RaunakSadhwani2005"]
[Black "KingCrusher275"]
[Result "1-0"]
[WhiteElo "2945"]
[BlackElo "2413"]
[TimeControl "180+1"]
[EndTime "14:21:45 PDT"]
[Termination "RaunakSadhwani2005 won by resignation"]

1. d4 d5 2. Bf4 Nf6 3. e3 c5 4. c3 Nc6 5. Nf3 cxd4 6. exd4 Bf5 7. Nbd2 e6 8. Qb3 Qc8 9. Be2 Be7 10. O-O O-O 11.
Rfe1 h6 12. h3 Qd7 13. Ne5 Nxe5 14. dxe5 Ne4 15. Nxe4 Bxe4 16. Rad1 Qc7 17. Bg3 Bg6 18. f4 Bc5+ 19. Kh2 Rfd8 20. Bf3 Rac8 21. Bh4 Rd7 22. Rd2 b6 23. Qd1 Be7 24. Bf2 Rcd8 25. Bd4 Bc5 26. g4 Bxd4 27. Rxd4 Rf8 28. Bg2 f5 29. g5 hxg5 30. fxg5 f4 31. Qg4 Rf5 32. Rxf4 Rxe5 33. Rxe5 Qxe5 34. Qg3 Bf5 35. Rf2 Qxg3+ 36. Kxg3 g6 37. Kf4 Kf7 38. Ke5 Ke7 39. Rf4 Kf7 40. Rh4 Kg7 41. Rd4 Rd8 42. h4 Rd7 43. a4 a5 44. c4 Re7 45. Kd6 Re8 46. cxd5 exd5 47. Bxd5 Re2 48. b3 Rb2 49. Kc7 Bc2 50. Kxb6 Bxb3 51. Bxb3 Rxb3+ 52. Kxa5 1-0

[Event "*** SCC Grand Prix: Titled Tuesday Blitz"]
[Site "Chess.com"]
[Date "2020.08.04"]
[Round "4"]
[White "creativity"]
[Black "Chuchofrio1"]
[Result "1-0"]
[WhiteElo "2039"]
[BlackElo "2314"]
[TimeControl "180+1"]
[EndTime "14:21:49 PDT"]
[Termination "creativity won by resignation"]

1. d4 f5 2. e4 fxe4 3. Nc3 Nf6 4. Bg5 e6 5. Nxe4 Be7 6. Ng3 O-O 7.
Nf3 Nc6 8. c3 d6 9. Bc4 Kh8 10.
O-O Nd5 11. Bxd5 Bxg5 12. Nxg5 Qxg5 13. Bxc6 bxc6 14. Qe2 a5 15. Rfe1 Qf6 16. Ne4 Qf4 17.
g3 Qf5 18. h4 d5 19. Nc5 Rb8 20. a4 h6 21. Rad1 Rf6 22. Rd2 Kg8 23. Qe3 Kf7 24.
Nd3 Ba6 25. Ne5+ Kg8 26. Nxc6 Rbf8 27. Ne7+ Kh8 28. Nxf5 Rxf5 29. Qxe6 Bc4 30. Re5 Rf3 31. h5 R3f6 32. Qe7 R6f7 33. Qh4 c6 34. Re7 Rf6 35.
Qg4 Rg8 36. Rb7 Rff8 37. b3 Ba6 38. Rb6 Bc8 39. Qh4 Rf6 40. Re2 Rgf8 41. f4 Bf5 42.
Re5 Be4 43. Rb7 Rg8 44. Ree7 Bf5 45. Rxg7 Rxg7 1-0

[Event "*** SCC Grand Prix: Titled Tuesday Blitz"]
[Site "Chess.com"]
[Date "2020.08.04"]
[Round "4"]
[White "RaphCamora"]
[Black "aljado"]
[Result "1-0"]
[WhiteElo "2429"]
[BlackElo "2125"]
[TimeControl "180+1"]
[EndTime "14:21:50 PDT"]
[Termination "RaphCamora won by resignation"]

1. e4 c5 2. Nf3 e6 3. d4 cxd4 4. Nxd4 Bc5 5. Nb3 Bb6 6. c4 Nc6 7. c5 Bc7 8. Nc3 b6 9. cxb6 Bxb6 10. Nb5 Nge7 11. Nd6+ Kf8 12. Be2 Ng6 13. O-O Qe7 14. Be3 h5 15. Bc5 Bxc5 16. Nxc5 Nf4 17. Bb5 Qg5 18. g3 Nh3+ 19. Kg2 Qxc5 20. Kxh3 Nd4 21. Nxc8 Nxb5 22. Rc1 Qe5 23. Qxd7 g6 24. f4 Qxe4 25.
Qxb5 h4 26. Qe5 Qxe5 27. fxe5 hxg3+ 28. Kxg3 Rb8 29. Nd6 Rxb2 30. Rxf7+ 1-0

[Event "*** SCC Grand Prix: Titled Tuesday Blitz"]
[Site "Chess.com"]
[Date "2020.08.04"]
[Round "4"]
[White "PawnEatingZombie"]
[Black "Bodnar_Mykola"]
[Result "0-1"]
[WhiteElo "2237"]
[BlackElo "2448"]
[TimeControl "180+1"]
[EndTime "14:21:56 PDT"]
[Termination "Bodnar_Mykola won on time"]

1. d4 Nf6 2. c4 c5 3. d5 b5 4. cxb5 a6 5. e3 Bb7 6. Nc3 e6 7. e4 exd5 8. exd5 d6 9. Nf3 Be7 10. Be2 O-O 11. O-O axb5 12. Bxb5 Na6 13. Re1 Nb4 14. Bc4 Re8 15. h3 Bf8 16. Rxe8 Qxe8 17. Bf4 Ne4 18. Qc1 Nxc3 19. bxc3 Nxd5 20. Bg3 Qe4 21. Nd2 Qg6 22. Rb1 Bc6 23. Nf3 Qe4 24. Nd2 Qf5 25. Rb2 Re8 26. Nf3 h6 27. Qd2 Nf6 28. Bxd6 Ne4 29. Qd3 Nxd6 0-1

[Event "*** SCC Grand Prix: Titled Tuesday Blitz"]
[Site "Chess.com"]
[Date "2020.08.04"]
[Round "4"]
[White "elohunter1999"]
[Black "Bastiandash"]
[Result "1-0"]
[WhiteElo "2477"]
[BlackElo "2309"]
[TimeControl "180+1"]
[EndTime "14:21:57 PDT"]
[Termination "elohunter1999 won by resignation"]

1. e4 c6 2. Nc3 d5 3. Nf3 dxe4 4. Nxe4 Nf6 5. Qe2 Nxe4 6. Qxe4 Nd7 7. Bc4 Nf6 8. Ne5 e6 9. Qe2 Be7 10. O-O O-O 11. Re1 Nd5 12. a4 Bf6 13. Ra3 Qc7 14. d4 Bd7 15. Rh3 g6 16. Bh6 Rfe8 17. Qf3 Bxe5 18.
dxe5 Qa5 19. c3 Qd8 20. Rg3 Qe7 21. Bg5 Qf8 22. Re4 b5 23. Bxd5 exd5 24. Re3 bxa4 25.
Bf6 a3 26. bxa3 Qxa3 27. h4 Qa1+ 28. Kh2 Qb1 29. Qf4 1-0

[Event "*** SCC Grand Prix: Titled Tuesday Blitz"]
[Site "Chess.com"]
[Date "2020.08.04"]
[Round "4"]
[White "Klavdia_Nik"]
[Black "boasovietica"]
[Result "0-1"]
[WhiteElo "2017"]
[BlackElo "2419"]
[TimeControl "180+1"]
[EndTime "14:21:59 PDT"]
[Termination "boasovietica won on time"]

1. Nf3 c5 2. c4 Nc6 3. d4 cxd4 4.
Nxd4 g6 5. Nc3 Bg7 6. Nb3 d6 7. e4 Bxc3+ 8. bxc3 Nf6 9. f3 O-O 10. Be3 Be6 11. Be2 Na5 12. c5 Nc4 13. Bd4 dxc5 14. Nxc5 Qc8 15. O-O b6 16. Nxe6 Qxe6 17. a4 Rfd8 18.
Qb3 Rac8 19. Rfd1 Nh5 20. Bf1 Nf4 21. g3 Nh3+ 22. Kg2 Ng5 23. g4 Ne3+ 24. Bxe3 Qxb3 0-1

[Event "*** SCC Grand Prix: Titled Tuesday Blitz"]
[Site "Chess.com"]
[Date "2020.08.04"]
[Round "4"]
[White "VerdeNotte"]
[Black "davidkalashian"]
[Result "1-0"]
[WhiteElo "2854"]
[BlackElo "2575"]
[TimeControl "180+1"]
[EndTime "14:22:02 PDT"]
[Termination "VerdeNotte won by resignation"]

1. a3 e5 2. c4 Nf6 3. Nf3 Nc6 4. d3 d5 5. cxd5 Nxd5 6. e4 Nb6 7. Be3 Be7 8. Nc3 O-O 9. d4 exd4 10. Nxd4 Nxd4 11.
Qxd4 Qxd4 12. Bxd4 c6 13. O-O-O Be6 14. f4 Rfd8 15.
Kc2 g6 16. Be2 Nc4 17. g4 f6 18. Bf2 b5 19. a4 b4 20. Nb1 a5 21. f5 Bf7 22. Bxc4 Bxc4 23. Bb6 Rdb8 24. Rd7 Bf8 25. Bd4 Re8 26. Nd2 Bf7 27. Bxf6 h5 28. e5 Bd5 29. Rg1 Bc5 30. gxh5 Bxg1 31. h6 Bf7 32. fxg6 Bxg6+ 33. Kd1 Bh5+ 34. Ke1 Bf7 35. h7+ Kxh7 36. Rxf7+ Kg6 37. Rg7+ Kf5 38. Rxg1 Rg8 39. Rxg8 Ke6 40. Rxa8 1-0

[Event "*** SCC Grand Prix: Titled Tuesday Blitz"]
[Site "Chess.com"]
[Date "2020.08.04"]
[Round "4"]
[White "RitvarsReimanis"]
[Black "Ural_bogatyr"]
[Result "1-0"]
[WhiteElo "2508"]
[BlackElo "2369"]
[TimeControl "180+1"]
[EndTime "14:22:05 PDT"]
[Termination "RitvarsReimanis won on time"]

1. d4 Nf6 2. c4 g6 3. Nc3 Bg7 4. e4 O-O 5. Be2 d6 6. Nf3 e5 7. O-O Nc6 8. d5 Ne7 9. Kh1 a5 10. Ne1 Nd7 11. g4 Nc5 12. Nd3 Rb8 13. Nxc5 dxc5 14.
g5 Bd7 15. Bg4 Nc8 16. Be3 b6 17. b3 Nd6 18. a4 Qc8 19. Rg1 f5 20. gxf6 Rxf6 21.
h4 Bxg4 22. Qxg4 Qxg4 23. Rxg4 Kf7 24. Rag1 Rg8 25. Kg2 h6 26. Kf1 Bf8 27. Ke2 Bg7 28. Kd3 Bf8 29. f4 exf4 30. e5 fxe3 31. exf6 Kxf6 32.
Ne4+ Nxe4 33. Rxe4 Bd6 34. Rf1+ Kg7 35. Rxe3 g5 36. h5 Bf4 37. Re6 Rf8 38. Rg6+ Kh7 39. Re1 Rf7 40. Ree6 g4 41. Rxg4 Bg5 42. Rg3 1-0

[Event "*** SCC Grand Prix: Titled Tuesday Blitz"]
[Site "Chess.com"]
[Date "2020.08.04"]
[Round "4"]
[White "Ole83"]
[Black "Lion-Al-Messi"]
[Result "0-1"]
[WhiteElo "2315"]
[BlackElo "2479"]
[TimeControl "180+1"]
[EndTime "14:22:05 PDT"]
[Termination "Lion-Al-Messi won by resignation"]

1. Nf3 b6 2. b3 Bb7 3. Bb2 Nf6 4. g3 e6 5. Bg2 Be7 6. O-O O-O 7. c4 c5 8. d3 d6 9. Nbd2 Nbd7 10. a3 Qc7 11. Qc2 d5 12. e3 Rad8 13. Rad1 Qb8 14. Rfe1 Qa8 15. e4 d4 16. h3 e5 17. Nf1 Qb8 18.
Bc1 Bc6 19. Nh4 g6 20. Bh6 Rfe8 21. f4 Nh5 22. fxe5 Nxe5 23. Qf2 Bxh4 24. gxh4 Bd7 25. Ng3 Nxg3 26. Qxg3 Re6 27. h5 Kh8 28. Rf1 Rg8 29. Qf4 gxh5 30. Bg5 Rgg6 31. Kh1 Qg8 32. h4 h6 33.
Bxh6 Rxg2 34. Rg1 Rxg1+ 35. Rxg1 Ng4 36. Bg5 Rg6 37. Rxg4 Bxg4 38. e5 Rxg5 39. hxg5 Qa8+ 40. Kh2 Qf3 41. Qxf3 Bxf3 42. Kg3 Bg4 0-1

[Event "*** SCC Grand Prix: Titled Tuesday Blitz"]
[Site "Chess.com"]
[Date "2020.08.04"]
[Round "4"]
[White "chessvr"]
[Black "killer311"]
[Result "0-1"]
[WhiteElo "2107"]
[BlackElo "2425"]
[TimeControl "180+1"]
[EndTime "14:22:07 PDT"]
[Termination "killer311 won on time"]

1. e4 c6 2. d4 d5 3. exd5 cxd5 4. c4 Nc6 5. Nc3 Nf6 6. Nf3 Bg4 7. cxd5 Nxd5 8.
Qb3 Bxf3 9. gxf3 e6 10. Qxb7 Nxd4 11. Bb5+ Nxb5 12. Qxb5+ Ke7 13. Nxd5+ Qxd5 14. Qxd5 exd5 15. O-O Ke6 16. Re1+ Kf5 17. Bd2 Bc5 18. Rad1 Rhd8 19. Ba5 Rd6 20. Bc7 Rg6+ 21. Kf1 Rc6 22. Rxd5+ Kg6 23. Bg3 Rac8 24. Re4 f5 25. Ra4 Bb6 26. Rd6+ Rxd6 27. Bxd6 Rc2 28. Bg3 Rxb2 29. Kg2 Kf6 30. h4 h6 31. a3 g5 32. hxg5+ hxg5 33. f4 g4 34. Rb4 Rxb4 35. axb4 a6 36. f3 Bd4 37.
Bh4+ Ke6 38. Kg3 gxf3 39. Kxf3 Bc3 40. Bd8 Bxb4 41. Ke2 Kd5 42. Kd3 Bd6 43. Bg5 a5 44. Bh6 a4 0-1

[Event "*** SCC Grand Prix: Titled Tuesday Blitz"]
[Site "Chess.com"]
[Date "2020.08.04"]
[Round "4"]
[White "ferdipy"]
[Black "DrMamaliga"]
[Result "1-0"]
[WhiteElo "2319"]
[BlackElo "2177"]
[TimeControl "180+1"]
[EndTime "14:22:07 PDT"]
[Termination "ferdipy won on time"]

1. e4 e5 2. Nf3 Nc6 3. Bc4 Nf6 4. Ng5 d5 5. exd5 Na5 6. Bb5+ c6 7. dxc6 bxc6 8. Be2 h6 9. Nf3 e4 10. Ne5 Bc5 11. c3 O-O 12. O-O Qc7 13. d4 exd3 14. Nxd3 Bd6 15. h3 Rd8 16. Na3 Bxa3 17. bxa3 Ba6 18.
Qc2 Nc4 19. a4 Re8 20. Re1 Rad8 21. Nb4 Bb7 22. Bxh6 c5 23. Bxc4 cxb4 24. Bb3 Be4 25. Rxe4 Nxe4 26. Re1 Qxc3 27. Qb1 gxh6 28. Rxe4 Rxe4 29.
Qxe4 Qd2 30. Qg6+ Kh8 31. Qf6+ Kg8 32. Bxf7+ Kh7 33. Bg6+ 1-0

[Event "*** SCC Grand Prix: Titled Tuesday Blitz"]
[Site "Chess.com"]
[Date "2020.08.04"]
[Round "4"]
[White "MichailovM"]
[Black "harkerchess"]
[Result "1-0"]
[WhiteElo "2427"]
[BlackElo "2121"]
[TimeControl "180+1"]
[EndTime "14:22:10 PDT"]
[Termination "MichailovM won by resignation"]

1. e4 c6 2. d4 d5 3. e5 c5 4. dxc5 e6 5. Nf3 Bxc5 6. Bd3 Nc6 7. O-O Nge7 8. Nbd2 O-O 9. Nb3 Bb6 10. Bf4 h6 11.
h4 Nf5 12. g3 Nce7 13. h5 Bd7 14. g4 Nh4 15. Nxh4 Nc6 16. Nf3 f6 17. Bg3 fxe5 18. Nxe5 Nxe5 19. Bxe5 Qg5 20. Bg3 e5 21. Be2 e4 22. c4 Be6 23. c5 Bd8 24. Nd4 Bd7 25. Rc1 e3 26. f4 Qe7 27. Bf3 Rc8 28. Bxd5+ Kh8 29. b4 Bc7 30. Qf3 Rce8 31. Ne2 Bb5 32. Rfe1 Bd3 33. Rc3 Bb5 34. Nd4 a6 35. Nxb5 axb5 36.
Rcxe3 Qd7 37. Rxe8 Rxe8 38. Rxe8+ Qxe8 39. Bxb7 Qe1+ 40.
Bxe1 1-0

[Event "*** SCC Grand Prix: Titled Tuesday Blitz"]
[Site "Chess.com"]
[Date "2020.08.04"]
[Round "4"]
[White "GigaQuparadze"]
[Black "DaggiGretarsson"]
[Result "1-0"]
[WhiteElo "2933"]
[BlackElo "2612"]
[TimeControl "180+1"]
[EndTime "14:22:12 PDT"]
[Termination "GigaQuparadze won by resignation"]

1. e4 g6 2. d4 Bg7 3. Nc3 d6 4. f4 a6 5. Nf3 b5 6. Bd3 Nd7 7. e5 c5 8. dxc5 Nxc5 9. Be3 Nxd3+ 10. Qxd3 Nh6 11. exd6 O-O 12. O-O-O exd6 13. Qxd6 Qxd6 14. Rxd6 Nf5 15. Rd3 Be6 16. Bd4 Nxd4 17. Nxd4 Bc4 18. Rd2 Bh6 19. g3 b4 20. Ne4 Bg7 21. Nd6 Bxa2 22. b3 Rfd8 23. Nc6 Rd7 24. Ne5 Rdd8 25. Kb2 a5 26. Kxa2 a4 27. Rhd1 axb3+ 28. Kxb3 Rdb8 29. Nec4 Bc3 30. Rd3 h5 31. Ne4 Bg7 32.
Rd7 Ra6 33. Ng5 Rf8 34. Rb7 Rc6 35. Rxb4 Rfc8 36. Ne4 Bf8 37. Ne5 Rxc2 38. Rb7 Re2 39. Nf6+ Kh8 40. Rxf7 Re3+ 41. Rd3 Rb8+ 42. Kc4 Re4+ 43.
Kd5 1-0

[Event "*** SCC Grand Prix: Titled Tuesday Blitz"]
[Site "Chess.com"]
[Date "2020.08.04"]
[Round "4"]
[White "MasterKroket"]
[Black "lacafi"]
[Result "0-1"]
[WhiteElo "2395"]
[BlackElo "2043"]
[TimeControl "180+1"]
[EndTime "14:22:13 PDT"]
[Termination "lacafi won by resignation"]

1. d4 f5 2. c4 Nf6 3. Nf3 g6 4.
Nc3 Bg7 5. g3 O-O 6. Bg2 d6 7.
O-O Nc6 8. d5 Na5 9. Nd2 c5 10. Qc2 a6 11. a4 e5 12. dxe6 Bxe6 13. b3 Nc6 14. e3 Nb4 15. Qd1 d5 16. Bb2 Nd3 17. Qc2 Nxb2 18. Qxb2 d4 19. exd4 cxd4 20. Na2 Ng4 21. Rae1 d3 22. Qa3 Bf7 23. Bxb7 Rb8 24.
Bxa6 Qb6 25. Bb5 Bd4 26. Re7 Bxf2+ 27. Kg2 Ne3+ 28. Kxf2 Nxc4+ 29. Kg2 Nxa3 30. Rc1 Nxb5 31. axb5 Qxb5 32. Rcc7 Qa5 33. Nc3 Rbc8 34. Nc4 Qa1 35. Nb5 Rxc7 36. Nxc7 Bxc4 37. bxc4 Qb2+ 38. Kh3 d2 39. Rd7 Qc2 40. Nd5 d1=Q 41. Ne7+ Kh8 0-1

[Event "*** SCC Grand Prix: Titled Tuesday Blitz"]
[Site "Chess.com"]
[Date "2020.08.04"]
[Round "4"]
[White "Anton_Demchenko"]
[Black "Micki-taryan"]
[Result "0-1"]
[WhiteElo "2830"]
[BlackElo "3061"]
[TimeControl "180+1"]
[EndTime "14:22:15 PDT"]
[Termination "Micki-taryan won on time"]

1. e4 c5 2. Nf3 Nf6 3. Nc3 d5 4. exd5 Nxd5 5. Bb5+ Bd7 6. Qe2 Nf6 7. d4 cxd4 8. Nxd4 a6 9. Bd3 Nc6 10. Be3 g6 11. Nxc6 Bxc6 12. O-O Bg7 13. Bc5 Qc7 14. Rfe1 e6 15. Bd4 O-O 16. Be5 Qb6 17. a4 Nd7 18.
Bxg7 Kxg7 19. Ra3 Rad8 20. a5 Qc7 21. Be4 Nf6 22. Bxc6 Qxc6 23. Rb3 Rd7 24. h3 Qc5 25. Qe5 Rc8 26. Rb6 Qxe5 27. Rxe5 Ng8 28. Re4 Ne7 29. Reb4 Rcc7 30. Kf1 Nc8 31. Ke2 Nxb6 32. Rxb6 Rc5 33. g4 Rxa5 34. Ne4 Re5 35. Kf3 Rc7 36. c3 Rd5 37. g5 Rb5 38. Rxb5 axb5 39. h4 b4 40. cxb4 Rc4 0-1

[Event "*** SCC Grand Prix: Titled Tuesday Blitz"]
[Site "Chess.com"]
[Date "2020.08.04"]
[Round "4"]
[White "ChadBiryani"]
[Black "bazar-wokzal"]
[Result "0-1"]
[WhiteElo "2339"]
[BlackElo "2481"]
[TimeControl "180+1"]
[EndTime "14:22:15 PDT"]
[Termination "bazar-wokzal won by resignation"]

1. d4 Nf6 2. Bg5 e6 3. Nd2 h6 4. Bh4 c5 5. e3 b6 6. Ngf3 Bb7 7. c3 Be7 8. Bd3 g5 9. Bg3 g4 10. Ne5 h5 11. e4 d6 12. Nec4 b5 13. Ne3 b4 14. Qe2 bxc3 15. bxc3 cxd4 16. cxd4 Nc6 17. Rb1 Nxd4 18. Qd1 Bc6 19. e5 dxe5 20. Bxe5 Nf3+ 21. Nxf3 gxf3 22. Qc2 Qa5+ 23. Bc3 fxg2 24. Rg1 Qa4 25.
Qxa4 Bxa4 26. Rb7 Rg8 27. Nc4 Nd5 28. Bd2 Bc6 29. Rb3 Bf6 30. Nd6+ Ke7 31. Ne4 Be5 32. Be2 Bxh2 0-1

[Event "*** SCC Grand Prix: Titled Tuesday Blitz"]
[Site "Chess.com"]
[Date "2020.08.04"]
[Round "4"]
[White "ClydeHillKid"]
[Black "ace_mar"]
[Result "0-1"]
[WhiteElo "2307"]
[BlackElo "2474"]
[TimeControl "180+1"]
[EndTime "14:22:19 PDT"]
[Termination "ace_mar won by resignation"]

1. e4 e5 2. Nf3 Nc6 3. Bc4 Bc5 4. c3 Nf6 5. d3 O-O 6. O-O d5 7. exd5 Nxd5 8. Re1 Bg4 9. b4 Be7 10. Nbd2 Nb6 11. b5 Na5 12. Bb3 Nxb3 13. Nxb3 f6 14. c4 Qd7 15. Bb2 Rad8 16. d4 Nxc4 17. Bc3 Qxb5 18.
Qe2 Nd6 19. Qe3 e4 20. Nfd2 f5 21. g3 h6 22. h4 Rde8 23. Nc5 f4 24. gxf4 Bxh4 25.
d5 Nf5 26. Qxe4 Rxe4 27. Rxe4 Qxc5 0-1

[Event "*** SCC Grand Prix: Titled Tuesday Blitz"]
[Site "Chess.com"]
[Date "2020.08.04"]
[Round "4"]
[White "Semen_Khanin"]
[Black "Parhamov"]
[Result "0-1"]
[WhiteElo "2786"]
[BlackElo "3026"]
[TimeControl "180+1"]
[EndTime "14:22:22 PDT"]
[Termination "Parhamov won by resignation"]

1. e4 e6 2. d4 d5 3. e5 c5 4. c3 Qb6 5. Nf3 Bd7 6. Bd3 cxd4 7. Nxd4 Nc6 8. Nxc6 bxc6 9. O-O Ne7 10. Nd2 c5 11. c4 Nc6 12. f4 Be7 13. Nf3 a5 14. Kh1 O-O 15. f5 exf5 16. cxd5 Nb4 17. Bc4 Bb5 18. b3 a4 19. Bg5 Bxg5 20. Nxg5 axb3 21. axb3 h6 22.
Nf3 f4 23. Qe2 Nxd5 24. Rxa8 Rxa8 25. Bxb5 Nc3 26. Qc4 Qxb5 27. Qxb5 Nxb5 28. h4 Nc7 29. Nd2 Ne6 30. Nc4 Rb8 31. Rf3 g5 32. hxg5 hxg5 33.
Nd6 Nd4 34. Rh3 Rxb3 35. Rh5 Ne6 36. Rh6 f3 37. gxf3 Rxf3 38. Kg2 Rf4 39. Kg3 c4 40.
Rh1 c3 41. Rc1 Nd4 42. Ra1 c2 43. Ra8+ Kh7 44. Rc8 Ne2+ 0-1

[Event "*** SCC Grand Prix: Titled Tuesday Blitz"]
[Site "Chess.com"]
[Date "2020.08.04"]
[Round "4"]
[White "manitodeplomo"]
[Black "Caterpiller35"]
[Result "1-0"]
[WhiteElo "2554"]
[BlackElo "2375"]
[TimeControl "180+1"]
[EndTime "14:22:23 PDT"]
[Termination "manitodeplomo won by resignation"]

1. g3 d5 2. Bg2 Nf6 3. c4 e6 4. Nc3 Be7 5. Nf3 O-O 6. O-O Nbd7 7. d4 dxc4 8. e3 c6 9. a4 Nd5 10. Qe2 a5 11. Qxc4 Bb4 12. e4 N7b6 13. Qb3 Nf6 14. e5 Nfd5 15. Ne4 Nd7 16. Qc2 b6 17. Neg5 g6 18.
Qe4 f5 19. Qc2 Qe7 20. Qxc6 Ba6 21. Qxe6+ Qxe6 22. Nxe6 Bxf1 23. Kxf1 Rfe8 24. Nfg5 Ne7 25. Nc7 Rac8 26. Nxe8 Rxe8 27. h4 h6 28. Ne6 Kf7 29. Nf4 Nf8 30. Be3 Rc8 31. Rc1 Rd8 32. d5 g5 33.
hxg5 h5 34. e6+ 1-0

[Event "*** SCC Grand Prix: Titled Tuesday Blitz"]
[Site "Chess.com"]
[Date "2020.08.04"]
[Round "4"]
[White "volcanoexplorer"]
[Black "kasparicy"]
[Result "0-1"]
[WhiteElo "2530"]
[BlackElo "2383"]
[TimeControl "180+1"]
[EndTime "14:22:25 PDT"]
[Termination "kasparicy won on time"]

1. e4 c5 2. Nf3 d6 3. d4 cxd4 4.
Nxd4 Nf6 5. Nc3 a6 6. h3 e6 7. g4 b5 8. Bg2 Bb7 9. O-O Qc7 10. g5 Nfd7 11. f4 Be7 12. Be3 O-O 13. a3 Nb6 14. Nce2 Nc4 15. Bc1 Nd7 16. b3 Ncb6 17. Bb2 Rfe8 18. h4 Bf8 19. Ng3 Rac8 20. Rc1 e5 21. Ndf5 exf4 22. Rxf4 Ne5 23. Nh5 Nbd7 24.
Nhxg7 Bxg7 25. Nxd6 Re7 26. Nxc8 Bxc8 27. Kh1 Nf8 28.
h5 Nd3 29. Bxg7 Nxf4 30. Bf6 Rd7 31. Qf3 Nxg2 32. Qxg2 Bb7 33. Re1 Qf4 34. Ba1 Qh4+ 0-1

[Event "*** SCC Grand Prix: Titled Tuesday Blitz"]
[Site "Chess.com"]
[Date "2020.08.04"]
[Round "4"]
[White "coocloo"]
[Black "serena-maria"]
[Result "0-1"]
[WhiteElo "1991"]
[BlackElo "2249"]
[TimeControl "180+1"]
[EndTime "14:22:28 PDT"]
[Termination "serena-maria won by resignation"]

1. e4 c6 2. d4 d5 3. exd5 cxd5 4. Nf3 Nf6 5. Bd3 g6 6. O-O Bg7 7. c3 O-O 8. Re1 Bg4 9. h3 Bxf3 10. Qxf3 Nc6 11.
Bf4 Qb6 12. Qe2 Rac8 13. Na3 a6 14. Rab1 Qa5 15. Qd1 Nd7 16. Qb3 e5 17. dxe5 Ndxe5 18. Bf1 Rfd8 19. Nc2 Rd7 20. Rbd1 Rcd8 21. Nd4 Nxd4 22.
cxd4 Nc6 23. Be3 Qb4 24. Qxb4 Nxb4 25. a3 Nc2 26. Re2 Nxe3 27. Rxe3 Rc7 28. g4 Kf8 29. Bg2 Rc2 30. b4 Rc4 31. Red3 Ke7 32. Re1+ Kd6 33. f4 Rxd4 34. Rxd4 Bxd4+ 35. Kf1 Bc3 36. Re3 d4 37.
Rd3 b6 38. Ke2 Re8+ 39. Kf3 Re1 40. f5 Kd5 41. fxg6 hxg6 42. Kf2+ Kc4 43. Rxc3+ dxc3 44. Kxe1 Kb3 45. Bd5+ Kxa3 46. Bxf7 c2 47. Kd2 Kb2 48. Bxg6 c1=Q+ 0-1

[Event "*** SCC Grand Prix: Titled Tuesday Blitz"]
[Site "Chess.com"]
[Date "2020.08.04"]
[Round "4"]
[White "Keithonsky"]
[Black "Sanan_Sjugirov"]
[Result "1-0"]
[WhiteElo "2566"]
[BlackElo "2821"]
[TimeControl "180+1"]
[EndTime "14:22:29 PDT"]
[Termination "Keithonsky won on time"]

1. d4 Nf6 2. c4 e6 3. Nf3 b6 4. g3 Ba6 5. Qa4 Bb7 6. Bg2 c5 7. dxc5 bxc5 8. Nc3 Be7 9. O-O O-O 10. Rd1 Qb6 11. Qc2 Nc6 12. a3 Rfd8 13. Bf4 d6 14. Rab1 a5 15. h3 h6 16. Na4 Qa7 17. Nc3 e5 18. Nb5 Qb6 19. Bd2 Na7 20. Nc3 Nc6 21.
Nb5 Rdb8 22. e3 a4 23. Be1 Na5 24. Bxa5 Qxa5 25. Nh4 Bxg2 26. Kxg2 Rxb5 27. cxb5 Qxb5 28. Nf5 Bf8 29. e4 Qc6 30. f3 h5 31. h4 g6 32. Ne3 Bh6 33. Nd5 Nxd5 34. Rxd5 Be3 35. Re1 Bd4 36. f4 Rb8 37. Rb1 Rb3 38. Qc4 Qb6 39.
fxe5 Bxe5 40. Rxe5 1-0

[Event "*** SCC Grand Prix: Titled Tuesday Blitz"]
[Site "Chess.com"]
[Date "2020.08.04"]
[Round "4"]
[White "eightbyeightchess"]
[Black "Euge_chess"]
[Result "1-0"]
[WhiteElo "2421"]
[BlackElo "2044"]
[TimeControl "180+1"]
[EndTime "14:22:29 PDT"]
[Termination "eightbyeightchess won on time"]

1. e4 e5 2. Nf3 Nc6 3. Bb5 Nd4 4. Nxd4 exd4 5. O-O h5 6. c3 Bc5 7. b4 Bb6 8. Bb2 Qf6 9. e5 Qf4 10. cxd4 Bxd4 11.
g3 Qe4 12. Re1 Qd5 13. Bxd4 Qxd4 14. Nc3 c6 15. Re4 Qb6 16. Bc4 a5 17. b5 Kf8 18.
d4 d5 19. exd6 Bf5 20. Rf4 g6 21. d5 Rd8 22. dxc6 bxc6 23. Na4 Qb8 24. bxc6 Rxd6 25. Qf3 Ne7 26. Re1 Qc7 27. Bb5 Nxc6 28. Rc4 1-0

[Event "*** SCC Grand Prix: Titled Tuesday Blitz"]
[Site "Chess.com"]
[Date "2020.08.04"]
[Round "4"]
[White "BlueWizzard"]
[Black "goldenpuppy"]
[Result "1-0"]
[WhiteElo "2706"]
[BlackElo "2424"]
[TimeControl "180+1"]
[EndTime "14:22:32 PDT"]
[Termination "BlueWizzard won by resignation"]

1. d4 Nf6 2. Nc3 d5 3. Bf4 e6 4. a3 a6 5. Nf3 c5 6. e3 Nc6 7.
Bd3 Bd6 8. dxc5 Bxc5 9. Qe2 O-O 10. e4 dxe4 11. Nxe4 Nxe4 12. Bxe4 h6 13. Bg3 Nd4 14. Nxd4 Qxd4 15. c3 Qf6 16. Rd1 Rd8 17. O-O e5 18.
Bxe5 Qe7 19. Rxd8+ Qxd8 20. b4 Ba7 21. Qf3 Bb8 22. Rd1 Qe7 23. Qd3 Bd7 24. Bxb8 Rxb8 25.
h3 Be6 26. c4 Qf6 27. c5 Re8 28. Bxb7 Bf5 29. Qf3 Qg6 30. Kh2 Re7 31. Rd8+ Kh7 32. Rd6 f6 33. Rd4 Be6 34. Bxa6 Qb1 35. Bd3+ 1-0

[Event "*** SCC Grand Prix: Titled Tuesday Blitz"]
[Site "Chess.com"]
[Date "2020.08.04"]
[Round "4"]
[White "WanderingPuppet"]
[Black "praveenb2002"]
[Result "0-1"]
[WhiteElo "2508"]
[BlackElo "2782"]
[TimeControl "180+1"]
[EndTime "14:22:33 PDT"]
[Termination "praveenb2002 won on time"]

1. e4 c5 2. Nf3 d6 3. d4 cxd4 4. Nxd4 Nf6 5. Nc3 Nc6 6. Bg5 e6 7. Qd2 a6 8. O-O-O Bd7 9. f3 Be7 10. h4 b5 11. g4 Rc8 12. Nxc6 Bxc6 13. Be3 b4 14. Ne2 Qa5 15. Kb1 Nxe4 16. fxe4 Bxe4 17. Rh2 Rxc2 18. Qxc2 Bxc2+ 19. Kxc2 Qxa2 20. Nc1 Qa4+ 21. b3 Qc6+ 22. Kb1 Qe4+ 23. Rd3 O-O 24. Rd2 Qxg4 25.
Be2 Qxh4 26. Rd4 Qh3 27. R2d3 Qf5 28. Bg4 Qb5 29. Be2 d5 30. Rg4 Bf6 31. Bd4 Bxd4 32. Rdxd4 Qc5 33. Rxb4 Rc8 0-1